 Dungeon Crawl Stone Soup version 0.22.1-2-g9c5b331 (webtiles) character file.

431 havocjr2 the Charmwright (level 7, 0/56 HPs)
             Began as a Gnoll Skald on Dec 23, 2018.
             Succumbed to a worker ant's poison
             ... on level 4 of the Dungeon.
             The game lasted 00:16:36 (2656 turns).

havocjr2 the Charmwright (Gnoll Skald)              Turns: 2656, Time: 00:16:48

Health: 0/56       AC:  4    Str: 11 (14) XL:     7   Next: 0%
Magic:  12/15      EV: 14    Int: 13 (16) God:
Gold:   185        SH:  0    Dex: 13 (15) Spells: 15/16 levels left

rFire    . . .     SeeInvis .   a - +0 falchion
rCold    . . .     Gourm    .   (no shield)
rNeg     . . .     Faith    .   b - +1 leather armour
rPois    .         Spirit   .   (no helmet)
rElec    .         Reflect  .   (no cloak)
rCorr    .         Harm     .   (no gloves)
MR       .....                  (no boots)
Stlth    ++........             (no amulet)
HPRegen  0.18/turn              (no ring)
MPRegen  0.14/turn              (no ring)

@: lethally poisoned (0 -> -10)
A: distributed training, fangs 1, strong nose
a: no special abilities


You were on level 4 of the Dungeon.
You were not hungry.

You visited 1 branch of the dungeon, and saw 4 of its levels.

You collected 185 gold pieces.

Inventory:

Hand Weapons
 a - a +0 falchion (weapon)
 k - a +0 long sword
Missiles
 m - 86 stones (quivered)
 r - 2 throwing nets
Armour
 b - a +1 leather armour (worn)
Jewellery
 h - an uncursed ring of ice
Wands
 o - a wand of polymorph (4)
Scrolls
 c - 2 scrolls of blinking {unknown}
 e - a scroll of enchant armour
 f - 2 scrolls of remove curse
 i - a scroll of fog {unknown}
 l - 2 scrolls of immolation {unknown}
 n - a scroll of identify {unknown}
 p - a scroll of amnesia {unknown}
 t - a scroll of teleportation {unknown}
Potions
 u - a potion of degeneration
Comestibles
 d - 9 rations
 s - 8 chunks of flesh


   Skills:
 + Level 5.1 Fighting
 + Level 2.1 Short Blades
 + Level 5.1 Long Blades
 + Level 2.1 Axes
 + Level 2.1 Maces & Flails
 + Level 2.1 Polearms
 + Level 2.1 Staves
 + Level 2.1 Slings
 + Level 2.1 Bows
 + Level 2.1 Crossbows
 + Level 2.1 Throwing
 + Level 3.4 Armour
 + Level 5.1 Dodging
 + Level 2.1 Stealth
 + Level 2.1 Shields
 + Level 2.1 Unarmed Combat
 + Level 5.4 Spellcasting
 + Level 1.7 Conjurations
 + Level 1.7 Hexes
 + Level 5.7 Charms
 + Level 1.7 Summonings
 + Level 1.7 Necromancy
 + Level 1.7 Translocations
 + Level 1.7 Transmutations
 + Level 1.7 Fire Magic
 + Level 1.7 Ice Magic
 + Level 1.7 Air Magic
 + Level 1.7 Earth Magic
 + Level 1.7 Poison Magic
 + Level 2.4 Invocations
 + Level 2.1 Evocations


You had 15 spell levels left.
You knew the following spells:

 Your Spells              Type           Power        Failure   Level  Hunger
a - Infusion              Chrm           ###.         2%          1    None

Your spell library contained the following spells:

 Spells                   Type           Power        Failure   Level  Hunger
 Song of Slaying          Chrm           ###.....     3%          2    ##.....
 Shroud of Golubria       Chrm/Tloc      ##........   8%          2    ##.....
 Regeneration             Chrm/Necr      ##........   14%         3    ###....
 Spectral Weapon          Hex/Chrm       ##......     14%         3    ###....


Dungeon Overview and Level Annotations

Branches:
Dungeon (4/15)
 Temple: D:4-7

Altars:


Innate Abilities, Weirdness & Mutations

Your experience applies equally to all skills.
You have very sharp teeth.
Your uncanny sense of smell can sniff out nearby items.


Message History

You barely miss the worker ant.
The worker ant is almost dead.
* * * LOW HITPOINT WARNING * * *
You feel sick.
The worker ant bites you but does no damage. x2
You hit the worker ant.
You kill the worker ant!
You have reached level 7!
* * * LOW HITPOINT WARNING * * *
You feel sick.
It was a potion of flight.
Your roots keep you in place.
* * * LOW HITPOINT WARNING * * *
You feel sick.
It was a potion of cancellation.
Your magical effects are unravelling.
You feel magically purged.
You feel less wooden.
Your +1 leather armour unmelds from your body.
You are no longer magically infusing your attacks.
You die...

.. ##.#.## .
#.#..##
#.##..##
#.###..# #.#
##.# #.# #.#
#.####.##
.#.####.......#
.....%.@#######
...######


There were no monsters in sight!

Vanquished Creatures
  Sigmund (D:3)
  An orc priest (D:3)
  Jessica (D:3)
  An iguana (D:4)
  2 worker ants (D:4)
  5 adders
  2 gnolls (D:4)
  A shadow imp (D:4)
  A worm (D:3)
  2 dart slugs
  3 leopard geckos
  6 orcs (D:3)
  8 bats
  3 giant cockroaches
  8 goblins
  8 hobgoblins
  3 jackals (D:4)
  A quokka (D:3)
  4 frilled lizards
  8 kobolds
  A leopard gecko skeleton (D:4)
  6 rats
76 creatures vanquished.

Notes
Turn   | Place    | Note
-------+----------+-------------------------------------------
     0 | D:1      | havocjr2 the Gnoll Skald began the quest for the Orb.
     0 | D:1      | Reached XP level 1. HP: 20/20 MP: 6/6
   137 | D:1      | Reached XP level 2. HP: 26/26 MP: 7/7
   662 | D:2      | Reached XP level 3. HP: 30/31 MP: 9/9
   710 | D:2      | Reached skill level 5 in Spellcasting
   760 | D:2      | Reached skill level 1 in Invocations
  1288 | D:3      | Reached skill level 1 in Short Blades
  1288 | D:3      | Reached skill level 1 in Axes
  1288 | D:3      | Reached skill level 1 in Maces & Flails
  1288 | D:3      | Reached skill level 1 in Polearms
  1288 | D:3      | Reached skill level 1 in Staves
  1288 | D:3      | Reached skill level 1 in Slings
  1288 | D:3      | Reached skill level 1 in Bows
  1288 | D:3      | Reached skill level 1 in Crossbows
  1288 | D:3      | Reached skill level 1 in Throwing
  1288 | D:3      | Reached skill level 1 in Stealth
  1288 | D:3      | Reached skill level 1 in Shields
  1288 | D:3      | Reached skill level 1 in Unarmed Combat
  1288 | D:3      | Reached skill level 1 in Evocations
  1299 | D:3      | Noticed Sigmund
  1309 | D:3      | Reached XP level 4. HP: 35/38 MP: 7/11
  1310 | D:3      | Noticed Jessica
  1332 | D:3      | Killed Sigmund
  1332 | D:3      | Reached skill level 1 in Conjurations
  1332 | D:3      | Reached skill level 1 in Hexes
  1332 | D:3      | Reached skill level 1 in Summonings
  1332 | D:3      | Reached skill level 1 in Necromancy
  1332 | D:3      | Reached skill level 1 in Translocations
  1332 | D:3      | Reached skill level 1 in Transmutations
  1332 | D:3      | Reached skill level 1 in Fire Magic
  1332 | D:3      | Reached skill level 1 in Ice Magic
  1332 | D:3      | Reached skill level 1 in Air Magic
  1332 | D:3      | Reached skill level 1 in Earth Magic
  1332 | D:3      | Reached skill level 1 in Poison Magic
  1332 | D:3      | Reached XP level 5. HP: 25/43 MP: 3/12
  1489 | D:3      | Killed Jessica
  1489 | D:3      | Reached XP level 6. HP: 35/50 MP: 3/13
  2336 | D:4      | Reached skill level 5 in Fighting
  2336 | D:4      | Reached skill level 5 in Long Blades
  2336 | D:4      | Reached skill level 5 in Dodging
  2654 | D:4      | Reached XP level 7. HP: 4/56 MP: 12/15
  2654 | D:4      | HP: 3/84 [poisoned by a worker ant]
  2656 | D:4      | Succumbed to a worker ant's poison

Skill      XL: |  1  2  3  4  5  6 |
---------------+-------------------+-----
Spellcasting   | 5 |  5.4
Invocations    | 1 2 |  2.4
Short Blades   | 1 2 |  2.1
Axes           | 1 2 |  2.1
Maces & Flails | 1 2 |  2.1
Polearms       | 1 2 |  2.1
Staves         | 1 2 |  2.1
Slings         | 1 2 |  2.1
Bows           | 1 2 |  2.1
Crossbows      | 1 2 |  2.1
Throwing       | 1 2 |  2.1
Stealth        | 1 2 |  2.1
Shields        | 1 2 |  2.1
Unarmed Combat | 1 2 |  2.1
Evocations     | 1 2 |  2.1
Armour         | 3 |  3.4
Conjurations   | 1 |  1.7
Hexes          | 1 |  1.7
Summonings     | 1 |  1.7
Necromancy     | 1 |  1.7
Translocations | 1 |  1.7
Transmutations | 1 |  1.7
Fire Magic     | 1 |  1.7
Ice Magic      | 1 |  1.7
Air Magic      | 1 |  1.7
Earth Magic    | 1 |  1.7
Poison Magic   | 1 |  1.7
Fighting       | 5 |  5.1
Long Blades    | 5 |  5.1
Dodging        | 5 |  5.1
Charms         | |  5.7

Action                   |  1- 3 |  4- 6 |  7- 9 || total
-------------------------+-------+-------+-------++-------
Melee: Falchion          |    80 |   129 |       ||   209
       Bite              |     8 |    13 |       ||    21
       Punch             |       |     2 |       ||     2
Throw: Stone             |       |    22 |       ||    22
 Cast: Infusion          |     6 |     6 |       ||    12
  Use: Scroll            |     2 |       |       ||     2
       Potion            |       |     2 |     2 ||     4
 Stab: Sleeping          |     2 |     3 |       ||     5
  Eat: Chunk             |     1 |     5 |       ||     6
Armor: Leather armour    |    18 |    24 |       ||    42
       Skin              |       |     3 |       ||     3
Dodge: Dodged            |    52 |    99 |       ||   151
       Rpst.: Falchion   |    22 |    31 |       ||    53
